 Dungeon Crawl Stone Soup version 0.20.1-1-g8b1a95d (webtiles) character file.

4217 polly the Carver (level 10, -9/79 HPs)
             Began as a Human Berserker on Dec 12, 2017.
             Was a High Priest of Trog.
             Killed by divine providence
             ... invoked by an orc priest
              (15 damage)
             ... on level 8 of the Dungeon.
             The game lasted 00:18:10 (10541 turns).

polly the Carver (Human Berserker)                 Turns: 10541, Time: 00:18:10

Health: -9/79      AC: 18    Str: 22    XL:     10   Next: 54%
Magic:  10/10      EV:  3    Int:  7    God:    Trog [*****.]
Gold:   283        SH: 15    Dex: 12    Spells: 9/9 levels left

rFire    . . .     SeeInvis .   l - +0 long sword
rCold    . . .     Gourm    .   o - +0 large shield
rNeg     . . .     Faith    +   C - +0 plate armour
rPois    +         Spirit   .   n - +0 helmet
rElec    .         Reflect  .   q - +0 cloak
rCorr    .         Harm     .   v - +0 pair of gloves
MR       .....     Rnd*Tele +   d - +1 pair of boots
Stlth    ..........             m - amulet of faith
Regen    0.3/turn               w - ring of poison resistance
MPRegen  0.2/turn               t - ring of teleportation (curse)

@: hasted, very quick
A: no striking features
a: Berserk, Trog's Hand, Brothers in Arms, Burn Spellbooks, Renounce Religion


You were on level 8 of the Dungeon.
You worshipped Trog.
Trog was extremely pleased with you.
You were near starving.

You visited 1 branch of the dungeon, and saw 8 of its levels.

You collected 283 gold pieces.

Inventory:

Hand Weapons
 l - a +0 long sword (weapon)
Armour
 d - a +1 pair of boots (worn)
 h - a scarf of cloud immunity
 n - a +0 helmet (worn)
 o - a +0 large shield (worn)
 q - a +0 cloak (worn)
 v - a +0 pair of gloves (worn)
 C - a +0 plate armour (worn)
Jewellery
 m - an amulet of faith (around neck)
 s - an uncursed ring of see invisible
 t - a cursed ring of teleportation (right hand)
 u - a cursed amulet of inaccuracy {unknown}
 w - a ring of poison resistance (left hand)
 A - a +5 ring of intelligence {unknown}
Scrolls
 p - 2 scrolls of fear {unknown}
 y - 3 scrolls of magic mapping
 z - a scroll of summoning {unknown}
 D - a scroll of identify
Potions
 a - 3 potions of flight
 b - 2 potions of cancellation
 g - 2 potions of resistance
 j - a potion of mutation {unknown}
 B - a potion of degeneration {unknown}
Comestibles
 c - 6 bread rations
 k - 8 royal jellies
 x - a meat ration


   Skills:
 * Level 7.5 Fighting
   Level 3.8(7.6) Short Blades
 * Level 10.3(10.5) Long Blades
 + Level 0.2 Throwing
 + Level 4.8 Armour
 + Level 3.3 Dodging
 - Level 4.8 Shields


You had 9 spell levels left.
You didn't know any spells.

Dungeon Overview and Level Annotations

Branches:
Dungeon (8/15)             Temple (0/1) D:4
   Lair: D:8-11

Altars:
Dithmenos
Fedhas
Makhleb
Ru
Sif Muna
Uskayaw

Shops:
D:8 [


Message History

You closely miss the orc priest.
The orc priest is almost dead.
The orc warrior hits you but does no damage.
You block the orc priest's attack.
The orc priest calls down the wrath of Beogh upon you.
Beogh smites you!
* * * LOW HITPOINT WARNING * * *
Unknown command.
You feel yourself speed up.
The orc priest miscasts a cantrip.
The orc warrior hits you but does no damage.
The orc priest calls down the wrath of Beogh upon you.
Beogh smites you!
* * * LOW HITPOINT WARNING * * *
The orc priest hits you but does no damage.
Unknown command.
You block the orc warrior's attack.
The orc priest invokes the aid of Beogh against you.
Beogh smites you!
You die...

.......(((((#######.#.......#####
.......###### #######o...########
...o... ####..o..oo...........
.o..... #.....####............
.o..... #....o# #............
....... #..[..# #.........^..
.###### #.....# #.......#####
#.....# #.......# #..p.@#
####....# #.....# #....# #.....#
#....# #.....# #....# #.....#
#....# #.....# #....#
#.....#######....#####
####..................
###################


You could see an orc warrior, an orc priest and a neutral freed slave
(wandering).

Vanquished Creatures
  Pikel (D:8)
  Grinder (D:5)
  Prince Ribbit (D:6)
  Sigmund (D:5)
  Duvessa (D:6)
  3 orc warriors
  A slave (D:8)
  5 ogres
  2 phantoms (D:8)
  An ice beast (D:6)
  2 centaurs
  5 bullfrogs
  2 big kobolds
  Dowan (D:6)
  A scorpion (D:5)
  2 howler monkeys
  4 crimson imps
  A quasit (D:7)
  A bullfrog zombie (D:8)
  A centaur zombie (D:8)
  7 orc priests
  A hound (D:5)
  8 orc wizards
  An iguana (D:6)
  12 worker ants
  2 hound skeletons
  A howler monkey zombie (D:6)
  8 gnolls
  9 adders
  A shadow imp (D:6)
  3 oozes
  2 adder skeletons
  4 worms
  3 dart slugs
  7 leopard geckos
  29 orcs
  5 giant cockroaches
  3 goblins (D:1)
  7 hobgoblins
  12 jackals
  3 quokkas
  7 bats
  3 frilled lizards
  17 kobolds
  A quokka skeleton (D:7)
  6 rats
199 creatures vanquished.

Vanquished Creatures (others)
  A hound (D:8)
1 creature vanquished.

Grand Total: 200 creatures vanquished

Notes
Turn   | Place    | Note
-------+----------+-------------------------------------------
     0 | D:1      | polly the Human Berserker began the quest for the Orb.
     0 | D:1      | Reached XP level 1. HP: 18/18 MP: 1/1
   235 | D:1      | Reached XP level 2. HP: 21/24 MP: 2/2
   693 | D:1      | Reached XP level 3. HP: 29/29 MP: 3/3
  1135 | D:2      | Found a hide-covered altar of Uskayaw.
  1226 | D:2      | Found a deep blue altar of Sif Muna.
  1347 | D:2      | Reached ** piety under Trog
  1535 | D:2      | Reached XP level 4. HP: 25/37 MP: 4/4
  1914 | D:2      | Found a sacrificial altar of Ru.
  2502 | D:3      | Reached XP level 5. HP: 36/42 MP: 5/5
  2696 | D:4      | Reached skill level 1 in Long Blades
  2789 | D:4      | Reached skill level 1 in Shields
  3116 | D:4      | Found a burning altar of Makhleb.
  3135 | D:4      | Reached skill level 2 in Long Blades
  3135 | D:4      | Reached XP level 6. HP: 32/48 MP: 6/6
  3153 | D:4      | Reached *** piety under Trog
  3344 | D:4      | Found a staircase to the Ecumenical Temple.
  3718 | D:4      | Noticed an orc warrior
  3770 | D:3      | Killed an orc warrior
  3770 | D:3      | Reached skill level 3 in Long Blades
  3770 | D:3      | Reached XP level 7. HP: 15/55 MP: 7/7
  4429 | D:4      | Noticed an Executioner
  4433 | D:4      | Noticed a smoke demon
  4433 | D:4      | Noticed a ynoxinul
  4738 | D:5      | Entered Level 5 of the Dungeon
  4787 | D:5      | Reached skill level 5 in Fighting
  4787 | D:5      | Reached skill level 4 in Long Blades
  4925 | D:5      | Reached XP level 8. HP: 55/62 MP: 8/8
  4944 | D:5      | Noticed Grinder
  4945 | D:5      | Noticed Sigmund
  4989 | D:5      | Killed Sigmund
  4989 | D:5      | Reached skill level 5 in Long Blades
  5018 | D:5      | Paralysed by Grinder for 6 turns
  5308 | D:5      | Paralysed by Grinder for 2 turns
  5312 | D:5      | Paralysed by Grinder for 4 turns
  5331 | D:5      | Killed Grinder
  5631 | D:5      | Reached **** piety under Trog
  5694 | D:5      | Reached skill level 6 in Long Blades
  5850 | D:5      | Found a blossoming altar of Fedhas.
  5861 | D:5      | Reached XP level 9. HP: 57/69 MP: 9/9
  6200 | D:6      | Noticed Prince Ribbit
  6425 | D:6      | Reached skill level 7 in Long Blades
  7188 | D:6      | Found a shadowy altar of Dithmenos.
  7295 | D:6      | Noticed Duvessa
  7315 | D:6      | Killed Duvessa
  7321 | D:6      | Noticed Dowan
  7340 | D:6      | Killed Dowan
  7941 | D:6      | Killed Prince Ribbit
  7941 | D:6      | Reached skill level 8 in Long Blades
  8398 | D:7      | Reached XP level 10. HP: 74/77 MP: 10/10
  8407 | D:7      | Reached ***** piety under Trog
  8601 | D:7      | Reached skill level 9 in Long Blades
  8609 | D:7      | Received a gift from Trog
  9227 | D:8      | Noticed Pikel
  9314 | D:8      | Found Xiakead's Antique Armour Shop.
 10222 | D:8      | Killed Pikel
 10222 | D:8      | Reached skill level 10 in Long Blades
 10541 | D:8      | Killed from afar by an orc priest

Skill      XL: |  1  2  3  4  5  6  7  8  9 10 |
---------------+-------------------------------+-----
Fighting       | 4 5 6 7 |  7.5
Long Blades    | 2 3 4 6 8 10 | 10.3
Shields        | 1 2 3 4 |  4.8
Armour         | 3 4 |  4.8
Dodging        | 3 |  3.3
Short Blades   | |  3.8
Throwing       | |  0.2

Action                   |  1- 3 |  4- 6 |  7- 9 | 10-12 || total
-------------------------+-------+-------+-------+-------++-------
Melee: Short sword       |   145 |    34 |       |       ||   179
       Falchion          |       |    40 |       |       ||    40
       Long sword        |       |   166 |   652 |   316 ||  1134
Throw: Throwing net      |       |     2 |       |     2 ||     4
  Use: Scroll            |       |     3 |     6 |     2 ||    11
       Potion            |       |     1 |     1 |     3 ||     5
 Stab: Held in net/web   |       |     1 |       |       ||     1
  Eat: Chunk             |     2 |     8 |    14 |     4 ||    28
       Royal jelly       |       |       |     1 |     1 ||     2
Armor: Chain mail        |    88 |   137 |   273 |       ||   498
       Animal skin       |     2 |       |       |       ||     2
       Plate armour      |       |       |    35 |   159 ||   194
Dodge: Dodged            |    35 |    41 |    76 |    27 ||   179
Block: Large shield      |    50 |   171 |   438 |   242 ||   901
       Rpst.: Long sword |       |     5 |    24 |     9 ||    38
       Falchion          |       |     1 |       |       ||     1
